AoeStats
← Toan

Arena

509288333Analyzed
2v2 RM · 4d ago on Sep 26, 2026· 43m 34s· 4 players
Game mode
Random Map
Map size
Medium (4 player)
Population
200
Speed
Normal
Resources
Standard
Victory
Conquest
Starting age
Dark Age
Ending age
Imperial Age
RankedLock teamsTeams togetherTeam positionsShared explorationLock speedFull tech treeHidden civsTurbo modeCheats
Victory
Defeat
🇷🇺 Saxons · Russia
1025
+18
🇷🇺 Romans · Russia
982
+20
🇺🇸 Saxons · United States
1065
-19
🇺🇸 Persians · United States
1064
-19
Toan
0:59 Loom
10:10 Feudal Age
10:43 Double-Bit Axe
10:22 Man-at-Arms
12:13 Arson
12:34 Horse Collar
14:33 Scale Mail Armor
16:19 Forging
20:56 Castle Age
19:43 Gold Mining
21:26 Long Swordsman
21:53 Gambesons
22:10 Squires
22:30 Chain Mail Armor
25:30 Wheelbarrow
27:31 Iron Casting
30:59 Hand Cart
30:59 Bow Saw
35:22 Imperial Age
33:18 Loom
33:35 Heavy Plow
33:27 Stone Mining
35:49 Ballistics
35:07 Clerical Recruitment
36:42 Block Printing
37:30 Chemistry
37:17 Redemption
36:38 Capped Ram
38:32 Plate Mail Armor
38:36 Siege Engineers
38:11 Elite Varangian Guard
38:57 Heavy Scorpion
40:42 Conscription
40:33 Shield Wall
Shuāng
5:18 Loom
11:15 Feudal Age
11:32 Man-at-Arms
12:27 Horse Collar
13:38 Scale Mail Armor
13:47 Double-Bit Axe
14:47 Forging
23:24 Castle Age
21:49 Bloodlines
24:58 Scale Barding Armor
26:11 Long Swordsman
29:33 Wheelbarrow
28:51 Gold Mining
28:51 Stone Mining
29:51 Bow Saw
30:03 Chain Mail Armor
35:16 Imperial Age
34:47 Squires
35:28 Iron Casting
35:34 Town Watch
37:48 Blast Furnace
37:46 Legionary
39:26 Conscription
42:09 Comitatenses
GJBrannock
11:20 Feudal Age
12:30 Double-Bit Axe
14:24 Loom
17:39 Castle Age
17:38 Crossbowman
18:14 Horse Collar
18:54 Bow Saw
19:27 Heavy Plow
27:04 Fletching
27:15 Padded Archer Armor
27:54 Kamandaran
28:31 Murder Holes
29:22 Bodkin Arrow
29:31 Town Watch
38:01 Imperial Age
36:54 Leather Archer Armor
37:42 Scale Barding Armor
37:48 Forging
37:33 Elite Skirmisher
39:06 Wheelbarrow
40:26 Ring Archer Armor
40:48 Bloodlines
40:38 Husbandry
40:01 Light Cavalry
41:41 Hoardings
The Gobbler
11:07 Feudal Age
13:00 Double-Bit Axe
12:57 Horse Collar
13:22 Loom
15:05 Wheelbarrow
15:37 Town Watch
20:22 Castle Age
18:17 Fletching
17:53 Man-at-Arms
19:10 Padded Archer Armor
20:38 Crossbowman
21:25 Bodkin Arrow
22:01 Bow Saw
22:24 Heavy Plow
27:53 Hand Cart
28:57 Thumb Ring
37:34 Imperial Age
35:27 Ballistics
35:19 Murder Holes
35:15 Guard Tower
36:44 Redemption
38:03 Gambesons
38:18 Squires
37:43 Arbalester
38:47 Block Printing
39:01 Illumination
39:04 Bracer
39:23 Leather Archer Armor
40:12 Chemistry
39:15 Arbalester
39:49 Arson
Connection lost

Rejoining the realm…

Still unreachable

The connection could not be restored.

Session expired

The server has moved on; the page needs a fresh start.